 Dungeon Crawl Stone Soup version 0.18.1-1-g2f07953 (webtiles) character file.

1400 Jerry the Covered (level 8, -1/61 HPs)
             Began as a Deep Dwarf Fighter on May 7, 2016.
             Slain by Joseph
             ... wielding a +0 quarterstaff
              (23 damage)
             ... on level 7 of the Dungeon.
             The game lasted 00:27:42 (4389 turns).

Jerry the Covered (Deep Dwarf Fighter)              Turns: 4389, Time: 00:27:42

Health: -1/61      AC: 10    Str: 24    XL:     8   Next: 41%
Magic:  7/7        EV:  5    Int:  9    God:
Gold:   289        SH: 11    Dex: 12    Spells: 0 memorised, 7 levels left

rFire  . . .     SeeInvis .     a - +1 war axe
rCold  . . .     Gourm    .     i - +1 plate armour {rPois}
rNeg   . . .     Faith    .     c - +0 shield
rPois  +         Spirit   .     (no helmet)
rElec  .         Dismiss  .     (no cloak)
rCorr  .         Reflect  .     (no gloves)
SustAt .         Harm     .     u - +0 pair of boots
MR     +....                    (no amulet)
Stlth  ..........               (no ring)
                                (no ring)

@: non-regenerating, somewhat resistant to hostile enchantments, extremely
unstealthy
A: damage resistance, recharge devices, deformed body, frail 1, sense
surroundings 1, slow regeneration 3, strong 1
a: Device Recharging


You were on level 7 of the Dungeon.
You were hungry.

You visited 1 branch of the dungeon, and saw 7 of its levels.
You also visited: Sewer.

You collected 289 gold pieces.

Inventory:

Hand Weapons
 a - a +1 war axe (weapon)
Armour
 c - a +0 shield (worn)
 i - a +1 plate armour of poison resistance (worn)
 u - a +0 pair of boots (worn)
Wands
 e - a wand of heal wounds (1/9)
 h - a wand of confusion (13/48)
 j - a wand of paralysis (8/24)
 l - a wand of flame (31/48)
Scrolls
 b - 2 scrolls of teleportation
 d - a scroll of immolation
 g - a scroll of fog
 n - a scroll of noise
 o - a scroll of blinking {unknown}
 p - 2 scrolls of identify
 y - 9 scrolls of remove curse
Potions
 t - 3 potions of curing
Books
 q - a book of Dreams

   Spells                             Type                      Level
   a - Ensorcelled Hibernation        Hexes/Ice                    2
   b - Silence                        Hexes/Air                    5
   c - Darkness                       Hexes                        6
   d - Shadow Creatures               Summoning                    6
Comestibles
 f - 2 bread rations
 k - a beef jerky
 m - a meat ration
 v - 5 fruits


   Skills:
 - Level 2.6 Fighting
 + Level 6.8 Axes
 + Level 7.4 Armour
 + Level 7.3 Shields


You had 7 spell levels left.
You didn't know any spells.

Dungeon Overview and Level Annotations

Branches:
Dungeon (7/15)             Temple (0/1) D:6

Altars:
Ashenzari

Annotations:
D:5 Starve's ghost, novice GrVM
D:7 Joseph


Innate Abilities, Weirdness & Mutations

You are resistant to damage.
You can recharge devices by infusing magical energy.
You passively map a small area around you.
You do not regenerate naturally.
Armour fits poorly on your strangely shaped body.
You are frail (-10% HP).
Your muscles are strong. (Str +2)


Message History

You hit the hound skeleton.
The hound skeleton bites you but does no damage.
Your plate armour prevents you from hitting the hound skeleton.
You block the hound skeleton's attack. x2
You slash the hound skeleton!
You destroy the hound skeleton!
Joseph unwields an uncursed hunting sling.
Joseph wields an uncursed quarterstaff.
Joseph drinks a potion.
Joseph goes berserk!
Drink which item? (? for menu, Esc to quit)
Okay, then.
Joseph hits you but does no damage. You block Joseph's attack.
Found a scroll labeled DIFYIN DOT.
Found a scroll of identify.
Joseph rages.
You block Joseph's attack.
You see here a scroll of identify.
Joseph hits you with an uncursed quarterstaff!!
You die...

, , * * * , ,
* #.. #.# *
#.# # #.# * *
* #. #.# ,
##.#* #.# *
...# #.# #.
..# #@###.##.
.#*
#?###@.......
. *
*#..?.....###
##.
#.########
..# ##.#
*#.###.## *
#...## #.###
#.#


You could see Joseph (berserk).

Vanquished Creatures
  A hungry ghost (D:5)
  The ghost of Starve the Cutter, an amateur KoFi of Okawaru (Sewer)
  2 phantoms (D:5)
  A centaur (D:5)
  The ghost of Potsanchik the Chiller, an amateur DEIE (D:3)
  2 giant frogs (Sewer)
  A scorpion (D:4)
  A water moccasin skeleton (D:5)
  2 howler monkeys
  A giant frog zombie (D:4)
  2 hounds (D:5)
  A gnoll shaman (D:6)
  An iguana (D:6)
  A worker ant (D:4)
  2 hound skeletons
  3 gnolls (D:6)
  10 adders
  12 oozes (Sewer)
  An adder skeleton (D:4)
  A dart slug (D:1)
  22 giant geckos
  8 orcs
  13 ball pythons
  17 giant cockroaches
  7 goblins
  3 hobgoblins
  2 jackals (D:2)
  2 quokkas
  4 bats
  14 giant newts
  5 kobolds
  A quokka skeleton (D:4)
  6 rats
151 creatures vanquished.

Notes
Turn   | Place    | Note
--------------------------------------------------------------
     0 | D:1      | Jerry the Deep Dwarf Fighter began the quest for the Orb.
     0 | D:1      | Reached XP level 1. HP: 20/20 MP: 1/1
   299 | D:1      | Reached XP level 2. HP: 27/27 MP: 2/2
   951 | D:2      | Reached XP level 3. HP: 29/33 MP: 3/3
  1531 | D:3      | Reached XP level 4. HP: 29/40 MP: 4/4
  1642 | D:3      | Noticed Potsanchik's ghost (amateur DEIE)
  1653 | D:3      | Killed Potsanchik's ghost
  1653 | D:3      | Reached XP level 5. HP: 29/46 MP: 5/5
  2078 | D:4      | Reached skill level 5 in Armour
  2078 | D:4      | Reached skill level 5 in Shields
  2078 | D:4      | Reached XP level 6. HP: 27/55 MP: 6/6
  2514 | D:4      | Found a shattered altar of Ashenzari.
  2630 | D:5      | Entered Level 5 of the Dungeon
  2703 | D:5      | Reached skill level 5 in Axes
  2713 | D:5      | Noticed Starve's ghost (novice GrVM)
  2945 | D:5      | Reached XP level 7. HP: 45/61 MP: 7/7
  2982 | D:5      | Noticed a hungry ghost
  3090 | D:5      | Killed a hungry ghost
  3408 | D:5      | Gained mutation: Your muscles are strong. (Str +2) [potion of mutation]
  3408 | D:5      | Gained mutation: You are frail (-10% HP). [potion of mutation]
  3408 | D:5      | Gained mutation: Armour fits poorly on your strangely shaped body. [potion of mutation]
  3550 | D:6      | Found a staircase to the Ecumenical Temple.
  3689 | D:6      | Found a glowing drain.
  3713 | Sewer    | Entered a sewer
  3745 | Sewer    | Reached XP level 8. HP: 42/61 MP: 7/7
  3817 | Sewer    | Noticed Starve's ghost (amateur KoFi)
  3836 | Sewer    | Killed Starve's ghost
  4252 | D:7      | Noticed Joseph
  4389 | D:7      | Slain by Joseph

Skill      XL: |  1  2  3  4  5  6  7  8 |
---------------+-------------------------+-----
Armour         | 4 5 6 7 |  7.4
Axes           | 3 4 5 6 |  6.8
Shields        | 4 5 6 7 |  7.3
Fighting       | |  2.6

Action                   |  1- 3 |  4- 6 |  7- 9 || total
-------------------------+-------+-------+-------++-------
Melee: War axe           |   134 |   171 |   354 ||   659
 Abil: Device Recharging |       |       |     1 ||     1
Evoke: Wand              |       |     2 |     7 ||     9
  Use: Potion            |       |     5 |     2 ||     7
       Scroll            |       |       |    10 ||    10
  Eat: Chunk             |     2 |     4 |    10 ||    16
       Bread ration      |       |       |     5 ||     5
       Meat ration       |       |       |     1 ||     1
       Pizza             |       |       |     1 ||     1
       Beef jerky        |       |       |     1 ||     1
Armor: Scale mail        |     8 |       |       ||     8
       Plate armour      |    73 |    99 |   189 ||   361
       Skin              |       |    12 |       ||    12
Dodge: Dodged            |    11 |    31 |    69 ||   111
Block: Shield            |    71 |    82 |   221 ||   374
